 Dungeon Crawl Stone Soup version 0.14.2 (webtiles) character file.

9560 Stagor the Basher (level 11, -17/121 (129) HPs)
             Began as a Formicid Healer on Feb 7, 2016.
             Was an Initiate of Fedhas.
             Demolished by Rupert
             ... wielding a +5,+1 battleaxe of freezing
              (28 damage)
             ... on Level 3 of the Lair of Beasts on Feb 8, 2016.
             The game lasted 02:10:40 (12120 turns).

Stagor the Basher (Formicid Healer)                Turns: 12120, Time: 02:10:40

HP -17/121 (129) AC 25     Str 19      XL: 11   Next: 66%
MP  20/20        EV  1     Int 11      God: Fedhas [......]
Gold 539         SH  0     Dex 12      Spells:  1 memorised,  5 levels left

rFire  . . .     SeeInvis .     q - +3,+2 morningstar (freeze)
rCold  + . .     Clarity  .     M - melded +0 plate armour
rNeg   + + +     Conserve .     (no shield)
rPois  +         rCorr    .     (helmet unavailable)
rElec  .         rRot     .     (cloak currently unavailable)
SustAb . .       Spirit   .     (gloves currently unavailable)
rMut   .         Warding  .     (boots currently unavailable)
Saprov . . .     Stasis   +     (no amulet)
MR     +....                    h - ring of positive energy
                                e - ring of protection from cold

@: tree-form, confused, somewhat resistant to hostile enchantments, very
unstealthy
A: permanent stasis, dig shafts and tunnels, four strong arms, (antennae 0)
a: Dig, Shaft Self, Renounce Religion


You were on level 3 of the Lair of Beasts.
You worshipped Fedhas.
Fedhas was noncommittal.
You were not hungry.
You were an animated tree.
You visited 2 branches of the dungeon, and saw 13 of its levels.
You also visited: Sewer.

You collected 539 gold pieces.

Inventory:

Hand weapons
 b - a +2,+3 flail
 c - a +0,+0 bow of flame
 q - a +3,+2 morningstar of freezing (weapon)
 P - a +1,+2 crossbow of frost
Missiles
 m - 30 bolts
 o - 127 arrows
 p - 4 javelins (quivered)
 s - 6 arrows of dispersal
 R - 14 bolts of frost
 Y - 15 poisoned bolts
Armour
 a - a +1 robe
 M - a +0 plate armour (melded)
Magical devices
 n - a wand of disintegration (18)
 t - a wand of draining (3)
 y - a wand of cold (8)
 z - a wand of fireball (2)
 J - a wand of disintegration (13)
 T - a wand of random effects (14) {unknown}
Comestibles
 d - 3 bread rations
 A - 2 chokos
Scrolls
 i - 5 scrolls of remove curse
 l - a scroll of magic mapping
 r - 3 scrolls of fear
 v - 2 scrolls of blinking
 x - a scroll of recharging
 C - 2 scrolls of teleportation
 F - 2 scrolls of noise {unknown}
 G - a scroll of enchant weapon I {unknown}
 H - 3 scrolls of immolation
 I - 2 scrolls of fog
 K - a scroll of vulnerability {unknown}
 S - 4 scrolls of identify
Jewellery
 e - a ring of protection from cold (left branch)
 h - a ring of positive energy (right branch)
Potions
 g - a potion of restore abilities
 j - a potion of resistance
 u - a potion of magic {unknown}
 w - a potion of invisibility {unknown}
 B - 2 potions of heal wounds
 D - a potion of haste {unknown}
 E - 3 potions of curing
 N - a potion of degeneration {unknown}
Books
 k - a book of Air

   Spells                             Type                      Level
   Shock                              Conjuration/Air              1
   Swiftness                          Charms/Air                   2
   Repel Missiles                     Charms/Air                   2
   Flight                             Charms/Air                   3
   Static Discharge                   Conjuration/Air              3
   Lightning Bolt                     Conjuration/Air              5
 U - a book of Party Tricks

   Spells                             Type                      Level
   Summon Butterflies                 Summoning                    1
   Apportation                        Translocation                1
   Blink                              Translocation                2
   Alistair's Intoxication            Transmutation/Poison         4
   *Tukima's Dance                    Hexes                        5
Miscellaneous
 Q - an ornate deck of defence


   Skills:
 - Level 8.2 Fighting
   Level 7.7 Long Blades
 + Level 9.7 Maces & Flails
 - Level 0.2 Throwing
 - Level 8.0 Armour
 - Level 1.7 Dodging
 - Level 0.2 Unarmed Combat
 * Level 7.6 Hexes
 - Level 3.2 Invocations


You had 5 spell levels left.
You knew the following spells:

 Your Spells              Type           Power        Failure   Level  Hunger
a - Tukima's Dance        Hex            ###.....     45%         5    N/A

Dungeon Overview and Level Annotations

Branches:
Dungeon (10/15)            Temple (0/1) D:5            Lair (3/8) D:10
    Orc: D:9-12       Swamp: Lair:3-6    Shoals: Lair:3-6     Snake: Lair:3-6
 Spider: Lair:3-6

Altars:
Ashenzari
Dithmenos
Elyvilon
Fedhas
Kikubaaqudgha
Nemelex Xobeh
Vehumet

Annotations:
D:9 exclusion: feature mimic
Lair:3 Rupert


Innate Abilities, Weirdness & Mutations

Your are under a permanent stasis effect.
You can dig through walls and to a lower floor.
Your four strong arms can wield two-handed weapons with a shield.
((You have a pair of large antennae on your head (SInv).))*


Message History

Rupert hits you with a battleaxe of freezing!
* * * LOW HITPOINT WARNING * * *
Rupert freezes you.
* * * LOW HITPOINT WARNING * * *
Rupert hits your wandering mushroom with a battleaxe of freezing!
Rupert freezes your wandering mushroom.
Your wandering mushroom is destroyed!
You feel a little guilty.
You can no longer induce evolution.
Ouch!
Rupert hits you with a battleaxe of freezing!
* * * LOW HITPOINT WARNING * * *
Rupert freezes you.
* * * LOW HITPOINT WARNING * * *
It'd take too long for a potion to reach your roots.
You barely miss Rupert.
Rupert is heavily wounded.
Rupert hits you with a battleaxe of freezing!
You die...
Fedhas appreciates your contribution to the ecosystem.

.......................
........................
.........................
.........................
.........................
.................%........
#.................%....f..
♣♣.....P#..f...........#..
♣#....##♣.f...........##.
##..# #@......#f....###.
##. #......#####...# #. #
#.....## #...# ## #......#
##f## ##...### ### #####


You could see Rupert (berserk) and 2 friendly wandering mushrooms.

Vanquished Creatures
  A hydra (Lair:2)
  An unseen horror (D:10)
  A feature mimic (D:9)
  A fire drake (Lair:2)
  A troll (D:9)
  2 basilisks
  A wyvern (Lair:3)
  A hippogriff (D:8)
  5 yaks
  A deep elf fighter (D:10)
  A deep elf mage (D:10)
  A hungry ghost (D:8)
  2 necrophages
  A water moccasin (Lair:2)
  A black bear (Lair:2)
  A porcupine (Lair:1)
  An orc warrior (D:8)
  A phantom (D:5)
  A yellow wasp (D:9)
  2 ice beasts
  3 centaurs
  5 ogres
  4 crocodiles
  A giant slug (Lair:2)
  10 giant frogs
  A big kobold (D:10)
  2 wights (D:8)
  5 crimson imps
  3 orc priests
  2 elf zombies
  5 hounds
  2 jellies
  An iguana (Lair:2)
  5 worker ants
  4 orc wizards
  A statue (D:5)
  Terence (D:3)
  10 adders
  3 giant mites
  2 shadow imps
  4 worms
  An adder skeleton (D:9)
  An iguana skeleton (D:9)
  2 giant eyeballs
  12 giant geckos
  3 oozes
  12 orcs
  8 giant cockroaches
  8 goblins
  12 hobgoblins
  11 jackals
  6 quokkas
  2 ball pythons (Sewer)
  18 bats
  A giant gecko zombie (D:5)
  11 giant newts
  A gnoll zombie (D:5)
  A hobgoblin zombie (D:6)
  18 kobolds
  2 kobold skeletons (D:7)
  An orc skeleton (D:6)
  17 rats
  A rat skeleton (D:7)
250 creatures vanquished.

Vanquished Creatures (collateral kills)
  2 hydras
  A spiny frog (Lair:1)
  A troll (D:9)
  A yak (D:10)
  A hippogriff (Lair:2)
  A water moccasin (Lair:1)
  A porcupine (Lair:1)
  2 orc warriors
  An ogre (D:8)
  A giant frog (Lair:1)
  2 giant slugs (Lair:1)
  A komodo dragon zombie (D:10)
  3 wights (D:8)
  3 orc priests
  A wandering mushroom (Lair:2)
  A mottled dragon skeleton (D:8)
  An adder (Lair:1)
  4 orcs
  A ball python (D:8)
  5 bats (D:10)
  A hobgoblin (D:9)
  A kobold (D:10)
  A quokka (Lair:1)
  2 rats (D:10)
39 creatures vanquished.

Vanquished Creatures (others)
  5 wandering mushrooms
  A giant frog (D:8)
  A giant spore (D:8)
  4 kobolds (D:10)
  A fungus (D:10)
  89 toadstools
101 creatures vanquished.

Grand Total: 390 creatures vanquished

Notes
Turn   | Place    | Note
--------------------------------------------------------------
     0 | D:1      | Stagor, the Formicid Healer, began the quest for the Orb.
     0 | D:1      | Reached XP level 1. HP: 15/15 MP: 2/2
   503 | D:1      | Reached XP level 2. HP: 8/22 MP: 2/5
  1028 | D:2      | Reached skill level 1 in Armour
  1179 | D:2      | Reached XP level 3. HP: 14/27 MP: 6/6
  1567 | D:2      | Found a white marble altar of Elyvilon.
  1947 | D:2      | Reached XP level 4. HP: 18/34 MP: 8/8
  2088 | D:2      | You fall through a shaft for 2 floors!
  2091 | D:4      | Noticed an ogre
  2564 | D:3      | Reached XP level 5. HP: 31/40 MP: 10/10
  2641 | D:3      | Noticed Terence
  2650 | D:3      | Killed Terence
  2891 | D:3      | Reached skill level 4 in Armour
  3056 | D:4      | Noticed an ogre
  3067 | D:4      | Killed an ogre
  3067 | D:4      | Reached skill level 1 in Long Blades
  3067 | D:4      | Reached XP level 6. HP: 40/47 MP: 9/12
  3109 | D:4      | Found a sparkling altar of Nemelex Xobeh.
  3161 | D:4      | Found a white marble altar of Elyvilon.
  3412 | D:4      | Got a shimmering ring mail
  3450 | D:4      | Identified the +2 ring mail "Styvvih" {Str-3 Acc+2} (You found it on level 4 of the Dungeon)
  3539 | D:4      | Killed an ogre
  3735 | D:5      | Entered Level 5 of the Dungeon
  3744 | D:5      | Found a staircase to the Ecumenical Temple.
  3751 | D:5      | Reached skill level 5 in Armour
  3751 | D:5      | Reached XP level 7. HP: 19/54 MP: 13/13
  4080 | D:5      | Noticed a necrophage
  4098 | D:5      | Killed a necrophage
  4263 | D:5      | Reached XP level 8. HP: 51/56 MP: 16/16
  4303 | D:5      | Found a radiant altar of Vehumet.
  4744 | D:6      | Got a faintly glowing leather armour
  4757 | D:6      | Identified the +5 leather armour of the City {Str-2 Acc+3} (You found it on level 6 of the Dungeon)
  4796 | D:6      | Found a glowing drain.
  4804 | Sewer    | Entered a sewer
  5046 | Sewer    | Reached skill level 5 in Fighting
  5046 | Sewer    | Reached skill level 6 in Armour
  5048 | Sewer    | HP: 1/57 [giant frog (5)]
  5435 | D:6      | Reached skill level 5 in Long Blades
  5617 | D:6      | Found a blossoming altar of Fedhas.
  5620 | D:6      | Fell from the grace of Elyvilon
  5620 | D:6      | Became a worshipper of Fedhas Madash
  6137 | D:7      | Reached XP level 9. HP: 48/64 MP: 17/17
  6408 | D:7      | Reached skill level 7 in Long Blades
  6483 | D:7      | Acquired Fedhas' first power
  6639 | D:7      | Found a shattered altar of Ashenzari.
  7354 | D:8      | Reached skill level 1 in Maces & Flails
  8260 | D:8      | Reached skill level 5 in Maces & Flails
  8260 | D:8      | Reached XP level 10. HP: 60/72 MP: 18/18
  8743 | D:9      | Found an ancient bone altar of Kikubaaqudgha.
  8763 | D:9      | Killed a staircase mimic
  9251 | D:9      | Found a shadowy altar of Dithmenos.
  9417 | D:10     | Entered Level 10 of the Dungeon
  9456 | D:10     | Noticed an unseen horror
  9471 | D:10     | Killed an unseen horror
  9471 | D:10     | Reached skill level 8 in Maces & Flails
  9659 | D:10     | Learned a level 5 spell: Tukima's Dance
  9724 | D:10     | Reached skill level 1 in Hexes
 10160 | D:10     | Found a staircase to the Lair.
 10174 | Lair:1   | Entered Level 1 of the Lair of Beasts
 10195 | Lair:1   | Reached skill level 5 in Hexes
 10260 | Lair:1   | Reached XP level 11. HP: 56/79 MP: 20/20
 10319 | Lair:1   | Noticed a four-headed hydra
 10330 | Lair:1   | Killed a four-headed hydra
 11610 | Lair:2   | Reached skill level 9 in Maces & Flails
 11781 | Lair:2   | Noticed a seven-headed hydra
 11793 | Lair:2   | Killed a seven-headed hydra
 11912 | Lair:3   | Noticed a five-headed hydra
 11926 | Lair:3   | Killed a five-headed hydra
 12102 | Lair:3   | Noticed Rupert
 12120 | Lair:3   | Demolished by Rupert

Action                   |  1- 3 |  4- 6 |  7- 9 | 10-12 || total
-------------------------+-------+-------+-------+-------++-------
Melee: Unarmed           |    34 |       |       |       ||    34
       Hand axe          |    94 |       |       |       ||    94
       Short sword       |   193 |   102 |       |       ||   295
       Dagger            |       |    22 |       |       ||    22
       Long sword        |       |   140 |       |       ||   140
       Great sword       |       |    67 |   330 |       ||   397
       Morningstar       |       |       |    65 |   292 ||   357
 Fire: Crossbow          |       |       |       |     5 ||     5
Throw: Javelin           |       |       |     2 |     2 ||     4
Invok: Lesser Self-Heali |    10 |    23 |       |       ||    33
       Purification      |     1 |       |       |       ||     1
       Evolution         |       |       |     5 |    16 ||    21
 Abil: Dig               |    13 |     7 |    24 |    16 ||    60
       Shaft Self        |       |     1 |       |       ||     1
Evoke: Wand              |       |       |     5 |       ||     5
  Use: Scroll            |     4 |     5 |     6 |       ||    15
       Potion            |       |     2 |     9 |     2 ||    13
 Stab: Confused          |       |       |       |     2 ||     2
